 Dungeon Crawl Stone Soup version 0.23-a0-767-gdc19b93 (webtiles) character file.

12535 Hydrazoo the Martial Artist (level 11, -4/97 HPs)
             Began as an Octopode Transmuter on Jan 19, 2019.
             Was an Initiate of Gozag.
             Slain by a komodo dragon (28 damage)
             ... on level 1 of the Lair of Beasts.
             The game lasted 00:43:37 (13188 turns).

Hydrazoo the Martial Artist (Octopode Transmuter)  Turns: 13188, Time: 00:43:39

Health: -4/97      AC:  9    Str: 14    XL:     11   Next: 94%
Magic:  30/32      EV: 19    Int: 22    God:    Gozag
Gold:   293        SH:  0    Dex: 18    Spells: 6/14 levels left

rFire    + + +     SeeInvis +     - Unarmed
rCold    + + .     Gourm    .   (shield currently unavailable)
rNeg     + . .     Faith    .   (helmet currently unavailable)
rPois    +         Spirit   .   (no amulet)
rElec    .         Reflect  .   q - ring of protection from fire
rCorr    .         Harm     .   w - ring of Vaileitz {*Contam rPois rF+ MR+ SInv}
MR       ++++.                  x - ring of Yluenoi {*Contam rF- rN+ MR+++ Dex+3}
Stlth    ++........             A - ring of magical power
HPRegen  0.26/turn              G - +6 ring of intelligence
MPRegen  0.23/turn              H - +3 ring of evasion
                                L - +3 ring of protection
                                N - ring of the Doge {rPois rF+++ rC- MP+9 Str+4}

@: lethally poisoned (-4 -> -6), ice-form, gold aura
A: large, almost no armour, stealthy swim, amphibious, 8 rings, (constrict 8)
a: End Transformation, Potion Petition, Call Merchant, Bribe Branch, Renounce
Religion


You were on level 1 of the Lair of Beasts.
You worshipped Gozag.
Gozag was aware of your devotion.
You were near starving.
You were a creature of crystalline ice.
You visited 2 branches of the dungeon, and saw 11 of its levels.
You also visited: Ossuary.

You collected 2783 gold pieces.
You spent 1719 gold pieces at shops.
You paid 771 gold pieces to Gozag.

Inventory:

Missiles
 a - 267 arrows
Jewellery
 q - a ring of protection from fire (left front paw)
 w - the ring of Vaileitz (right front paw) {*Contam rPois rF+ MR+ SInv}
   (You bought it in a shop on level 4 of the Dungeon)

   [ring of see invisible]

   It protects you from fire.
   It protects you from poison.
   It affects your resistance to hostile enchantments.
   It lets you see invisible.
   It causes magical contamination when unequipped.
 x - the ring of Yluenoi (on tentacle) {*Contam rF- rN+ MR+++ Dex+3}
   (You bought it in a shop on level 4 of the Dungeon)

   [ring of positive energy]

   It affects your dexterity (+3).
   It makes you vulnerable to fire.
   It protects you from negative energy.
   It affects your resistance to hostile enchantments.
   It causes magical contamination when unequipped.
 A - a ring of magical power (on tentacle)
 G - a +6 ring of intelligence (on tentacle)
 H - a +3 ring of evasion (on tentacle)
 L - a +3 ring of protection (on tentacle)
 N - the ring of the Doge (on tentacle) {rPois rF+++ rC- MP+9 Str+4}
   (You found it on level 1 of the Lair of Beasts)

   [ring of magical power]

   It affects your strength (+4).
   It renders you almost immune to fire.
   It makes you vulnerable to cold.
   It protects you from poison.
   It affects your magic capacity (+9).
Wands
 s - a wand of iceblast (8)
 u - a wand of polymorph (9)
 y - a wand of flame (10)
 K - a wand of random effects (14)
Scrolls
 b - 11 scrolls of teleportation
 d - 5 scrolls of magic mapping
 e - a scroll of holy word {unknown}
 f - 3 scrolls of immolation
 h - 4 scrolls of remove curse
 i - 4 scrolls of amnesia
 j - 2 scrolls of enchant weapon
 k - a scroll of fog {unknown}
 l - a scroll of fear {unknown}
 r - 4 scrolls of blinking {unknown}
 E - 2 scrolls of enchant armour {unknown}
 F - a scroll of noise {unknown}
 I - 2 scrolls of identify
 M - a scroll of random uselessness {unknown}
Potions
 g - 3 potions of mutation
 m - 6 potions of curing
 n - 2 potions of invisibility
 o - 5 potions of haste
 p - 2 potions of resistance
 t - 3 potions of might
 v - a potion of berserk rage
 z - a potion of flight
 B - 2 potions of heal wounds
 C - a potion of lignification {unknown}
 D - 2 potions of ambrosia {unknown}
 J - a potion of cancellation {unknown}
Comestibles
 c - 11 rations


   Skills:
 * Level 10.1 Fighting
 + Level 9.2 Dodging
 + Level 10.1 Unarmed Combat
 - Level 2.0 Spellcasting
 + Level 9.2 Transmutations


You had 6 spell levels left.
You knew the following spells:

 Your Spells              Type           Power        Failure   Level  Hunger
a - Beastly Appendage     Tmut           #####.       1%          1    #......
b - Spider Form           Tmut/Pois      ###.......   6%          3    ###....
c - Ice Form              Ice/Tmut       ###.....     21%         4    #####..

Your spell library contained the following spells:

 Spells                   Type           Power        Failure   Level  Hunger
 Sticks to Snakes         Tmut           #####...     1%          2    ##.....
 Blade Hands              Tmut           #####.....   9%          5    ######.
 Magic Dart               Conj           #...         14%         1    #......
 Searing Ray              Conj           #.....       21%         2    ##.....
 Dazzling Spray           Conj/Hex       #.....       38%         3    ###....
 Force Lance              Conj/Tloc      #.......     80%         4    #####..
 Fulminant Prism          Conj/Hex       #.........   80%         4    #####..
 Iskenderun's Mystic Bla  Conj           #.......     80%         4    #####..


Dungeon Overview and Level Annotations

Branches:
Dungeon (10/15)            Temple (0/1) D:5            Lair (1/6) D:9
    Orc (0/2) D:10

Altars:
Fedhas
Gozag
Makhleb
Sif Muna
Trog

Shops:
D:4 =   D:9 =


Innate Abilities, Weirdness & Mutations

You cannot wear most types of armour.
You are very stealthy in the water. (Stealth+)
You are amphibious.
You can wear up to eight rings at the same time.
((You can use your tentacles to constrict eight enemies at once.))
((Your skin changes colour to match your surroundings (Stealth+).))
((Your rubbery body absorbs attacks. (AC +1, EV +1)))


Message History

You freeze the komodo dragon.
The komodo dragon is lightly wounded.
You feel sick. The komodo dragon misses you.
You punch the komodo dragon! You freeze the komodo dragon.
The komodo dragon is severely wounded.
The komodo dragon becomes distracted by the nearby gold, dreaming of imaginary riches.
The komodo dragon hisses angrily.
You pummel the komodo dragon!! You freeze the komodo dragon!
You kill the komodo dragon!
You are near starving!
You feel sick.
You hit the komodo dragon but do no damage.
The komodo dragon bites you!!
* * * LOW HITPOINT WARNING * * *
You feel much better.
You feel sick.
The komodo dragon is no longer distracted by gold.
The komodo dragon becomes distracted by the nearby gold, dreaming of imaginary riches.
The komodo dragon bites you!!
You die...
Your body crumbles into a pile of gold.

.. #.# . .. #.#
..... .. .# #.#
.... ... .
#.####...
....#.#l#.##..
......#.#....#
.......t#....##
#l#.....# .#
##Y#....# .#
#..#.#..######.#
#....##........#
##
#.....#........#
....
#..#.#...........#
.....
#..###..#........#
.....# #..
#..#........#
.....# #..
....#....^...#
.....#### #.
..............#


You could see 2 komodo dragons and a crocodile.

Vanquished Creatures
  A two-headed ogre (D:8)
  3 spiny frogs (Lair:1)
  5 komodo dragons (Lair:1)
  A kobold demonologist (D:7)
  A hornet (D:10)
  A hippogriff (D:6)
  Sigmund (D:2)
  A wraith (Ossuary)
  A shadow (D:9)
  3 yaks (D:10)
  Menkaure (D:5)
  3 hungry ghosts
  4 wargs (D:10)
  2 water moccasins (Lair:1)
  A soldier ant (D:10)
  An ice beast (D:6)
  3 sky beasts
  11 orc warriors
  3 ogres
  A necrophage (D:5)
  A black bear (D:6)
  A phantom (D:9)
  7 centaurs
  4 crocodiles
  A big kobold (D:7)
  Blork the orc (D:5)
  A wyvern zombie (D:10)
  4 bullfrogs
  A water moccasin zombie (D:9)
  2 scorpions
  18 killer bees
  9 wights
  5 electric eels
  4 howler monkeys
  A bullfrog zombie (D:9)
  8 crimson imps
  4 bullfrog skeletons
  A jelly (D:10)
  9 hounds
  6 orc priests
  14 orc wizards
  Jessica (D:2)
  Natasha (D:2)
  2 iguanas
  13 worker ants
  A hound skeleton (D:8)
  A mummy (Ossuary)
  A worker ant zombie (D:8)
  7 gnolls
  8 adders
  2 oozes
  2 adder skeletons (D:8)
  2 worms
  3 dart slugs
  4 leopard geckos
  37 orcs
  4 giant cockroaches
  3 goblins
  11 hobgoblins
  5 jackals
  9 quokkas
  3 ball pythons
  6 bats
  2 frilled lizards
  5 gnoll skeletons (Ossuary)
  15 kobolds
  12 kobold skeletons (Ossuary)
  8 orc skeletons (Ossuary)
  2 quokka zombies
  3 rats
  A rat zombie (D:8)
324 creatures vanquished.

Vanquished Creatures (others)
  A hungry ghost (D:5)
1 creature vanquished.

Grand Total: 325 creatures vanquished

Notes
Turn   | Place    | Note
-------+----------+-------------------------------------------
     0 | D:1      | Hydrazoo the Octopode Transmuter began the quest for the
                  | Orb.
     0 | D:1      | Reached XP level 1. HP: 13/13 MP: 3/3
   207 | D:1      | Reached XP level 2. HP: 14/18 MP: 3/5
   744 | D:1      | Reached XP level 3. HP: 23/23 MP: 4/6
   760 | D:1      | Learned a level 3 spell: Spider Form
   790 | D:1      | Found an opulent altar of Gozag.
   803 | D:1      | Became a worshipper of Gozag Ym Sagoz the Greedy
  1278 | D:2      | Noticed Sigmund
  1293 | D:2      | Killed Sigmund
  1293 | D:2      | Reached XP level 4. HP: 26/30 MP: 4/7
  1293 | D:2      | Reached XP level 5. HP: 31/35 MP: 4/8
  1595 | D:2      | Noticed Jessica
  1604 | D:2      | Killed Jessica
  1604 | D:2      | Reached XP level 6. HP: 41/42 MP: 7/9
  1636 | D:2      | Noticed Natasha
  1652 | D:2      | Killed Natasha
  1837 | D:2      | Found a faded altar of an unknown god.
  2900 | D:4      | Reached XP level 7. HP: 13/46 MP: 3/10
  3782 | D:4      | Found a deep blue altar of Sif Muna.
  3782 | D:4      | Found a bloodstained altar of Trog.
  3995 | D:4      | Found Weogocot's Jewellery Shop.
  4087 | D:5      | Entered Level 5 of the Dungeon
  4091 | D:5      | Noticed Blork the orc
  4105 | D:5      | Reached skill level 5 in Unarmed Combat
  4265 | D:5      | Killed Blork the orc
  4279 | D:5      | Reached XP level 8. HP: 45/54 MP: 9/11
  4472 | D:5      | Noticed Menkaure
  4478 | D:5      | Reached skill level 5 in Dodging
  4514 | D:5      | Killed Menkaure
  4514 | D:5      | Reached skill level 5 in Transmutations
  4814 | D:5      | Reached skill level 5 in Fighting
  5196 | D:5      | Found a staircase to the Ecumenical Temple.
  5204 | D:5      | Found an opulent altar of Gozag.
  5319 | D:4      | Bought the ring of Vaileitz {*Contam rPois rF+ MR+ SInv}
                  | for 332 gold pieces
  5319 | D:4      | Bought the ring of Yluenoi {*Contam rF- rN+ MR+++ Dex+3}
                  | for 319 gold pieces
  5630 | D:5      | Reached XP level 9. HP: 35/61 MP: 8/12
  6633 | D:7      | Noticed a kobold demonologist
  6644 | D:7      | Noticed a red devil
  6647 | D:7      | Noticed a hellwing
  6655 | D:7      | Killed a kobold demonologist
  7047 | D:7      | Found a blossoming altar of Fedhas.
  7047 | D:7      | Found a burning altar of Makhleb.
  7368 | D:7      | Reached XP level 10. HP: 54/69 MP: 13/13
  7821 | D:8      | Noticed a two-headed ogre
  7859 | D:8      | Killed a two-headed ogre
  7871 | D:8      | Found a sand-covered staircase.
  7878 | Ossuary  | Entered an ossuary
  9505 | D:4      | Bought a +6 ring of intelligence for 585 gold pieces
  9505 | D:4      | Bought a +3 ring of evasion for 210 gold pieces
 10083 | D:9      | Found a staircase to the Lair.
 10098 | D:9      | Reached XP level 11. HP: 75/78 MP: 14/14
 10521 | D:10     | Entered Level 10 of the Dungeon
 10749 | D:9      | Learned a level 4 spell: Ice Form
 12410 | D:10     | Found a staircase to the Orcish Mines.
 12570 | Lair:1   | Entered Level 1 of the Lair of Beasts
 12578 | D:9      | Bought a +3 ring of protection for 273 gold pieces
 12932 | Lair:1   | Reached skill level 10 in Unarmed Combat
 13089 | Lair:1   | Got a glittering granite ring
 13090 | Lair:1   | Identified the ring of the Doge {rPois rF+++ rC- MP+9
                  | Str+4} (You found it on level 1 of the Lair of Beasts)
 13174 | Lair:1   | Reached skill level 10 in Fighting
 13187 | Lair:1   | HP: 4/97 [komodo dragon (29)]
 13188 | Lair:1   | Slain by a komodo dragon

Vault maps used:
D:1:      dpeg_arrival_oval, minmay_hexomino_r4
D:2:      chequers_ecumenical_altar_simple, uniq_natasha, uniq_sigmund,
          uniq_jessica
D:4:      minmay_evil_eye, gammafunk_temple_overflow_wave, serial_shops, shop
D:5:      kennysheep_little_box, minmay_temple_entry_overgrown, first_ration,
          uniq_blork_the_orc, uniq_menkaure
D:7:      grunt_temple_overflow_open, grunt_ogre_cave, water_maze_lemuel
D:8:      serial_curves, eino_curves_02, eino_curves_01, enter_ossuary_4
D:9:      lair_entry_dummy, chequers_mini_garden, minmay_starry_boxes
D:10:     erik_orc_2, nooodl_orcs_dogs
Lair:1:   beast_lair_carwin_8
Ossuary:  ossuary_due_mausoleum

Skill      XL: |  1  2  3  4  5  6  7  8  9 10 11 |
---------------+----------------------------------+-----
Fighting       | 2 3 4 5 6 8 10 | 10.1
Dodging        | 3 4 5 7 8 9 |  9.2
Unarmed Combat | 4 5 6 7 8 10 | 10.1
Transmutations | 3 4 5 7 8 9 |  9.2
Spellcasting   | |  2.0

Action                   |  1- 3 |  4- 6 |  7- 9 | 10-12 || total
-------------------------+-------+-------+-------+-------++-------
Melee: Unarmed           |    53 |    95 |   362 |   582 ||  1092
       Constrict         |    16 |    21 |    30 |    37 ||   104
       Kick              |     9 |     1 |     6 |     1 ||    17
       Tentacles         |     8 |    18 |    25 |    36 ||    87
       Punch             |     1 |     1 |     7 |     7 ||    16
 Cast: Beastly Appendage |     9 |     3 |     7 |     1 ||    20
       Spider Form       |     1 |     2 |    27 |    25 ||    55
       Ice Form          |       |       |       |    11 ||    11
Invok: Potion Petition   |       |       |     1 |       ||     1
       Call Merchant     |       |       |       |     1 ||     1
 Abil: End Transformatio |       |       |       |     1 ||     1
Evoke: Wand              |       |       |     2 |     2 ||     4
  Use: Scroll            |       |     5 |     5 |     7 ||    17
       Potion            |       |       |     3 |     5 ||     8
 Stab: Sleeping          |     5 |    11 |     7 |    10 ||    33
       Distracted        |       |       |     4 |     4 ||     8
       Invisible         |       |       |     3 |       ||     3
  Eat: Ration            |       |     2 |     7 |     7 ||    16
Armor: Skin              |     4 |     4 |     9 |    15 ||    32
Dodge: Dodged            |    40 |    74 |   367 |   542 ||  1023

Table legend:
 A = Non-vault XP
 B = Vault XP
 C = Vault XP percentage of total XP
 D = Non-vault monster count
 E = Vault monster count
 F = Vault count percentage of total count
                 A         B        C        D         E       F
            +---------+---------+-------+---------+---------+-------
      Total |   13028 |    4880 |  27.3 |     243 |      82 |  25.2
            +---------+---------+-------+---------+---------+-------
        D:1 |      40 |       3 |   7.0 |      20 |       2 |   9.1
        D:2 |      52 |     311 |  85.7 |      13 |       3 |  18.8
        D:3 |      53 |       0 |   0.0 |      18 |       0 |   0.0
        D:4 |     460 |      42 |   8.4 |      19 |       3 |  13.6
        D:5 |    1091 |     263 |  19.4 |      24 |       2 |   7.7
        D:6 |    1179 |       0 |   0.0 |      23 |       0 |   0.0
        D:7 |    1241 |     118 |   8.7 |      28 |       1 |   3.4
        D:8 |    2245 |       2 |   0.1 |      26 |       2 |   7.1
        D:9 |    2181 |     179 |   7.6 |      31 |       4 |  11.4
       D:10 |    2601 |    1880 |  42.0 |      32 |      33 |  50.8
     Lair:1 |    1885 |    1824 |  49.2 |       9 |       5 |  35.7
    Ossuary |       0 |     258 | 100.0 |       0 |      27 | 100.0
            +---------+---------+-------+---------+---------+-------
